 Dungeon Crawl Stone Soup version 0.29-a0-341-g24ffce5b50 (webtiles) character file.

Game seed: 13661289318983471610

14010 ultragoat the Grappler (level 11, -6/113 HPs)
             Began as a Troll Fighter on Apr 20, 2022.
             Mangled by a blink frog (11 damage)
             ... on level 1 of the Lair of Beasts on Apr 21, 2022.
             The game lasted 01:10:18 (12359 turns).

ultragoat the Grappler (Troll Fighter)             Turns: 12359, Time: 01:10:18

Health: -6/113     AC:  7    Str: 28    XL:     11   Next: 83%
Magic:  10/10      EV: 10    Int:  6    God:
Gold:   374        SH: 14    Dex:  9    Spells: 10/10 levels left

rFire   . . .      SeeInvis .     - Unarmed
rCold   + . .      Faith    .   b - +5 kite shield
rNeg    . . .      Spirit   .   s - +2 robe of Luta {rC+}
rPois   +          Reflect  .   (helmet restricted)
rElec   .          Harm     .   i - +0 cloak
rCorr   .          Rampage  .   (gloves unavailable)
Will    +....                   (boots unavailable)
Stlth   +.........              (no amulet)
HPRegen 1.08/turn               l - ring of willpower
MPRegen 0.12/turn               p - ring of poison resistance

@: studying Polearms
A: large, unfitting armour, claws 3, regeneration 1, shaggy fur 1, tough skin 1
a: no special abilities


You were on level 1 of the Lair of Beasts.
You visited 3 branches of the dungeon, and saw 12 of its levels.
You also visited: Sewer.

You collected 636 gold pieces.
You spent 262 gold pieces at shops.

Inventory:

Missiles
 d - 13 boomerangs
 x - 4 javelins (quivered)
Armour
 b - a +5 kite shield (worn)
 i - a +0 cloak (worn)
 s - the +2 robe of Luta (worn) {rC+}
   (You found it on level 4 of the Dungeon)

   rC:        It protects you from cold.
 u - +0 steam dragon scales
 B - a +0 troll leather armour
Magical Staves
 o - a staff of earth
Jewellery
 l - a ring of willpower (left claw)
 p - a ring of poison resistance (right claw)
Wands
 c - a wand of flame (2)
 f - a wand of digging (2)
 k - a wand of polymorph (12)
 y - a wand of acid (7)
Scrolls
 e - 2 scrolls of fog
 h - 6 scrolls of teleportation
 n - 6 scrolls of fear
 q - 2 scrolls of magic mapping
 t - 2 scrolls of brand weapon
 v - a scroll of blinking
 C - 2 scrolls of identify
Potions
 a - 2 potions of haste
 g - 3 potions of lignification
 j - 8 potions of curing
 m - a potion of heal wounds
 r - 2 potions of berserk rage
 w - a potion of flight
 z - a potion of resistance
 A - 5 potions of brilliance
 D - a potion of magic
 E - a potion of might


   Skills:
 - Level 8.6 Fighting
 - Level 0.1(2.3) Slings
 - Level 5.3 Throwing
 * Level 2.0 Armour
 - Level 5.4 Dodging
 - Level 0.1 Stealth
 + Level 7.7 Shields
 - Level 9.8 Unarmed Combat
 - Level 4.5 Evocations


You had 10 spell levels left.
You didn't know any spells.
Your spell library contained the following spells:

 Spells                   Type           Power      Damage    Failure   Level
 Magic Dart               Conj           0%         1d3       69%         1
 Slow                     Hex            0%         N/A       69%         1
 Call Imp                 Summ           0%         N/A       83%         2
 Sublimation of Blood     Necr           0%         N/A       83%         2
 Wereblood                Tmut           0%         N/A       83%         2
 Confusing Touch          Hex            0%         N/A       96%         3
 Mephitic Cloud           Conj/Pois/Air  0%         N/A       96%         3
 Vampiric Draining        Necr           0%         2d6       96%         3
 Summon Hydra             Summ           0%         N/A       100%        7


Dungeon Overview and Level Annotations

Branches:
Dungeon (10/15)            Temple (1/1) D:4            Lair (1/6) D:10
    Orc (0/2) D:9           Sewer (visited)

Altars:
Ashenzari
Cheibriados
Dithmenos
Elyvilon
Fedhas
Gozag
Hepliaklqana
Kikubaaqudgha
Makhleb
Nemelex Xobeh
Okawaru
Qazlal
Ru
Sif Muna
Trog
Uskayaw
Vehumet
Wu Jian
Xom
Yredelemnul
Zin
The Shining One

Shops:
D:2 [(?   D:5 =*   D:10 *

Annotations:
D:3 1 runed translucent door, Crazy Yiuf


Innate Abilities, Weirdness & Mutations

You are too large for most types of armour.
You have claws for hands.
Your natural rate of healing is unusually fast.
You are covered in fur. (AC +1)
You have tough skin. (AC +1)


Message History

The blink frog hits you!
The blink frog blinks!
You mangle the blink frog!!
You kill the blink frog!
You block the blink frog's attack.
The blink frog blinks!
The blink frog blinks! x2
The blink frog blinks!
The blink frog attacks as you move away!
The blink frog hits you!
The blink frog blinks! x2
The blink frog blinks!
The blink frog attacks as you move away!
You block the blink frog's attack.
The blink frog attacks as you move away!
The blink frog hits you! The blink frog closely misses you.
The blink frog completely misses you. You block the blink frog's attack.
The blink frog attacks as you move away!
You block the blink frog's attack. The blink frog hits you.
You claw the blink frog!
The blink frog is moderately wounded.
The blink frog closely misses you.
The blink frog hits you but does no damage. x2
The blink frog hits you.
You claw the blink frog!
The blink frog is severely wounded.
The blink frog hits you!
The blink frog blinks!
You block the blink frog's attack.
The blink frog hits you but does no damage.
The blink frog blinks!
The blink frog hits you!
You mangle the blink frog!!
You kill the blink frog!
The blink frog hits you.
Your Armour skill increases to level 2!
The blink frog attacks as you move away!
The blink frog hits you! x2
* * * LOW HITPOINT WARNING * * *
The blink frog blinks!
The blink frog hits you!
* * * LOW HITPOINT WARNING * * *
You see here a blink frog corpse.
The blink frog hits you!
You die...

##...............# #..
#......###.......# ####..
###....##........# ##.....
#..##............# ###P..... #..
#............# #.#......
.................# ###.....##
.................# ####......##
.................####.#.....###
...............†@...........#
..............F.F...........#
..........................###
#.......F............##
#.....................#
##.........##.........####
.##..........###...........#
..##.........##....#.......###
...##..............#.........###


You could see 3 blink frogs.

Vanquished Creatures
  Josephine (D:10)
  2 two-headed ogres
  Pikel (D:7)
  A black mamba (Lair:1)
  An unseen horror (D:10)
  2 komodo dragons (Lair:1)
  3 trolls (D:10)
  2 blink frogs (Lair:1)
  Eustachio (D:4)
  15 yaks
  A wyvern (D:8)
  5 wraiths (D:10)
  5 steam dragons
  8 water moccasins
  2 ice beasts
  4 black bears
  4 orc warriors
  3 sky beasts
  2 ogres
  4 centaurs
  2 lemures (D:7)
  A phantom (D:5)
  5 kobold brigands
  9 bullfrogs
  A gnoll sergeant (D:9)
  A necrophage (D:6)
  4 scorpions
  6 wights
  6 killer bees
  An electric eel (D:10)
  6 howler monkeys (D:8)
  3 hounds
  A jelly (D:5)
  5 orc priests
  A gnoll shaman (D:7)
  Jessica (D:2)
  2 iguanas (D:5)
  Natasha (thrice) (D:4)
  13 orc wizards
  13 adders
  10 gnolls
  3 river rats
  A white imp (D:8)
  2 ufetubi
  7 worms
  4 dart slugs
  38 orcs
  12 ball pythons
  8 endoplasms
  10 giant cockroaches
  12 goblins
  16 hobgoblins
  3 jackals (D:2)
  7 quokkas
  4 bats
  3 frilled lizards
  15 kobolds
  11 rats
317 creatures vanquished.

Vanquished Creatures (collateral kills)
  A hobgoblin (D:6)
1 creature vanquished.

Vanquished Creatures (others)
  A gnoll (D:7)
  50 fungi
  47 plants
98 creatures vanquished.

Grand Total: 416 creatures vanquished

Notes
Turn   | Place    | Note
-------+----------+-------------------------------------------
     0 | D:1      | ultragoat the Troll Fighter began the quest for the Orb.
     0 | D:1      | Reached XP level 1. HP: 22/22 MP: 0/0
   235 | D:1      | Reached XP level 2. HP: 29/29 MP: 1/1
   433 | D:1      | Found a faded altar of an unknown god.
   892 | D:2      | Reached XP level 3. HP: 36/36 MP: 2/2
   906 | D:2      | Noticed Jessica
   911 | D:2      | Killed Jessica
  1086 | D:2      | Reached XP level 4. HP: 44/44 MP: 3/3
  1108 | D:2      | Found Ogaocluu's Antique Weapon Boutique.
  1143 | D:2      | Found Byeh's Magic Scroll Shop.
  1151 | D:2      | Bought a scroll of teleportation for 42 gold pieces
  1419 | D:2      | Found Bir Leecvoa's Armour Boutique.
  1904 | D:3      | Reached skill level 3 in Unarmed Combat
  2017 | D:3      | Found a shadowy altar of Dithmenos.
  2189 | D:3      | Found a glowing drain.
  2209 | D:3      | Reached XP level 5. HP: 53/53 MP: 4/4
  2234 | Sewer    | Entered a sewer
  2740 | Sewer    | Reached XP level 6. HP: 57/61 MP: 5/5
  2828 | Sewer    | Reached skill level 4 in Unarmed Combat
  2985 | D:3      | Found a runed translucent door.
  2986 | D:3      | Noticed Crazy Yiuf
  3085 | D:3      | Found a white marble altar of Elyvilon.
  3440 | D:4      | Reached XP level 7. HP: 68/68 MP: 6/6
  3666 | D:4      | Reached skill level 5 in Unarmed Combat
  3999 | D:4      | Reached skill level 1 in Throwing
  4051 | D:4      | Noticed Natasha
  4058 | D:4      | Killed Natasha
  4136 | D:4      | Noticed Natasha
  4144 | D:4      | Found a staircase to the Ecumenical Temple.
  4152 | D:4      | Killed Natasha
  4153 | D:4      | Reached XP level 8. HP: 74/78 MP: 7/7
  4156 | Temple   | Entered the Ecumenical Temple
  4261 | D:4      | Identified the +2 robe of Luta {rC+}
  4338 | D:4      | Noticed Eustachio
  4394 | D:4      | Killed Eustachio
  4537 | D:4      | Noticed Natasha
  4542 | D:4      | Killed Natasha
  4676 | D:5      | Entered Level 5 of the Dungeon
  4715 | D:5      | Reached skill level 5 in Shields
  4820 | D:5      | Found an ancient bone altar of Kikubaaqudgha.
  4838 | D:5      | Identified the +1 leather armour "Bued" {rElec Dex+6}
  4930 | D:5      | Reached skill level 6 in Unarmed Combat
  5206 | D:5      | Found Uddan's Jewellery Shoppe.
  5396 | D:5      | Reached XP level 9. HP: 85/85 MP: 8/8
  5591 | D:5      | Found Zin's Purification Station.
  5593 | D:5      | Found a glowing silver altar of Zin.
  6017 | D:6      | Upgraded the game from 0.29-a0-340-g6efceafd81 to
                  | 0.29-a0-341-g24ffce5b50
  6285 | D:6      | Identified the +6 dagger "Geuq Bik" {venom, Dex+4}
  6794 | D:7      | Noticed Pikel
  6954 | D:7      | Found a glowing golden altar of the Shining One.
  7006 | D:7      | Reached skill level 7 in Unarmed Combat
  7136 | D:7      | Killed Pikel
  7137 | D:7      | Reached skill level 5 in Dodging
  7146 | D:7      | Noticed a two-headed ogre
  7165 | D:7      | Killed a two-headed ogre
  7166 | D:7      | Reached skill level 5 in Fighting
  7166 | D:7      | Reached skill level 5 in Throwing
  7505 | D:8      | Reached skill level 8 in Unarmed Combat
  7505 | D:8      | Reached XP level 10. HP: 76/96 MP: 9/9
  7988 | D:8      | Reached skill level 1 in Evocations
  8886 | D:5      | Bought a ring of poison resistance for 220 gold pieces
  9365 | D:9      | Noticed a two-headed ogre
  9501 | D:9      | Killed a two-headed ogre
  9502 | D:9      | Reached XP level 11. HP: 57/106 MP: 10/10
  9949 | D:9      | Found a staircase to the Orcish Mines.
 10128 | D:9      | Found a sacrificial altar of Ru.
 10440 | D:10     | Entered Level 10 of the Dungeon
 10524 | D:10     | Found a radiant altar of Vehumet.
 10602 | D:10     | Found Rehis's General Store.
 10809 | D:10     | Found a staircase to the Lair.
 10998 | D:10     | Found a burning altar of Makhleb.
 11541 | D:10     | Noticed Josephine
 11554 | D:10     | Killed Josephine
 11565 | D:10     | Reached skill level 9 in Unarmed Combat
 11889 | Lair:1   | Entered Level 1 of the Lair of Beasts
 12083 | Lair:1   | Reached skill level 1 in Armour
 12358 | Lair:1   | HP: 4/113 [blink frog (16)]
 12359 | Lair:1   | Mangled by a blink frog

Illustrated notes

Levels and vault maps discovered:
D:1:      dpeg_arrival_round_a, layout_basic,
          shapermc_ecumenical_altar_acropolis
D:2:      layout_basic, serial_shops, nicolae_shop_advertising_works
          [nicolae_subvault_shop_adworks], nicolae_lakefront_shop, shop,
          uniq_jessica
D:3:      layout_loops_cross, mainiacjoe_overflow_concentric_impassable,
          mainiacjoe_overflow_surrounded_room, portal_sewer_entry_c,
          uniq_crazy_yiuf_cottage
D:4:      layout_loops_corners, minmay_temple_entry_junction, st_stairs_13,
          uniq_natasha, uniq_eustachio
D:5:      layout_basic, kiku_gazebo_garden_becter, zin_purify, serial_shops,
          nicolae_shop_stone
D:6:      corexii_shantytown, layout_gridville, hangedman_decor_diamond_cutter,
          dreamdust_gnoll_farm
D:7:      layout_loops_ring, tso_oasis_becter,
          hangedman_abyss_or_decor_jellyfish_corner, skrybe_limestone_x,
          kennysheep_flooded_box, uniq_pikel
D:8:      layout_rooms
D:9:      minmay_evil_eye, layout_rooms, mainiacjoe_overflow_24_doors,
          hiddenorc1_lemuel
D:10:     statuecave_lemuel, layout_basic, nicolae_vehumet_altar_sigil,
          bloody_makhleb, due_lair_maze_entry_diamond, serial_shops, shop,
          nicolae_benzene_ring, uniq_josephine
Temple:   zaba_magenta_temple
Lair:1:   layout_hall_layers

Skill      XL: |  1  2  3  4  5  6  7  8  9 10 11 |
---------------+----------------------------------+-----
Dodging        | 3 4 5 |  5.4
Shields        | 3 4 5 6 7 |  7.7
Unarmed Combat | 3 4 5 6 8 9 |  9.8
Fighting       | 3 4 5 7 8 |  8.6
Throwing       | 1 3 5 |  5.3
Evocations     | 3 4 |  4.5
Armour         | 2 |  2.0
Slings         | |  0.1
Stealth        | |  0.1

Action                   |  1- 3 |  4- 6 |  7- 9 | 10-12 || total
-------------------------+-------+-------+-------+-------++-------
Melee: Unarmed           |    69 |   174 |   346 |   488 ||  1077
 Fire: Hunting sling     |     4 |       |       |       ||     4
Throw: Boomerang         |       |     5 |    58 |       ||    63
       Javelin           |       |       |     2 |     1 ||     3
Evoke: Wand              |       |       |       |     5 ||     5
  Use: Potion            |     1 |       |     3 |    10 ||    14
       Scroll            |       |     8 |     9 |     3 ||    20
 Stab: Sleeping          |       |       |     1 |       ||     1
Armor: Robe              |    13 |    48 |   104 |   125 ||   290
Dodge: Dodged            |    20 |    50 |    89 |   148 ||   307
Block: Kite shield       |    20 |    82 |   193 |   316 ||   611

Table legend: (Time is in decaauts)
 A = Elapsed time spent in this place.
 B = Non-inter-level travel time spent in this place.
 C = Inter-level travel time spent in this place.
 D = Time resting spent in this place.
 E = Time spent auto-exploring this place.
 F = Levels seen in this place.
 G = Mean time per level.
                   A        B        C        D        E       F      G
               +--------+--------+--------+--------+--------+-----+--------+
         Total |  12649 |  12050 |    599 |    756 |   3910 |  13 |  973.0 |
       Dungeon |  11243 |  10644 |    599 |    687 |   3910 |  10 | 1124.3 |
        Temple |     85 |     85 |      0 |      0 |      0 |   1 |   85.0 |
          Lair |    429 |    429 |      0 |     69 |      0 |   1 |  429.0 |
         Sewer |    890 |    890 |      0 |      0 |      0 |   1 |  890.0 |
               +--------+--------+--------+--------+--------+-----+--------+

Top non-repeatable levels by time:
    D:10: 1512 daAuts
     D:8: 1331 daAuts
     D:4: 1229 daAuts
     D:7: 1218 daAuts
     D:5: 1138 daAuts
     D:2: 1089 daAuts
     D:6: 1058 daAuts
     D:9: 1030 daAuts
   Sewer: 890 daAuts
     D:3: 877 daAuts
     D:1: 757 daAuts
  Lair:1: 429 daAuts
  Temple: 85 daAuts
